 Dungeon Crawl Stone Soup version 0.31-a0-365-gcf821cafb2 (webtiles) character file.

Game seed: 16004482482201091070

931 drugrobin the Cleaver (level 7, -6/56 HPs)
             Began as a Demigod Delver on July 28, 2023.
             Splashed by a jelly's acid (8 damage)
             ... on level 6 of the Dungeon.
             The game lasted 00:13:14 (4996 turns).

drugrobin the Cleaver (Demigod Delver)              Turns: 4996, Time: 00:13:15

Health: -6/56      AC: -4    Str: 21    XL:     7   Next: 55%
Magic:  9/9        EV:  6    Int: 12    God:
Gold:   231        SH:  0    Dex: 15    Spells: 6/6 levels left

rFire   . . .        a - +0 hand axe
rCold   . . .        (no shield)
rNeg    . . .        A - +0 plate armour
rPois   .            (no helmet)
rElec   .            (no cloak)
rCorr   .            w - +0 pair of gloves
SInv    .            o - +0 pair of boots
Will    .....        (no amulet) Stlth
                     (no ring)
HPRegen 0.29/turn    (no ring)
MPRegen 0.11/turn

%: no passive effects
@: corroded
A: high MP 1, forlorn, divine attributes
a: no special abilities


You were on level 6 of the Dungeon.
You visited 1 branch of the dungeon, and saw 6 of its levels.

You collected 231 gold pieces.

Inventory:

Hand Weapons
 a - a +0 hand axe (weapon)
 b - a +0 sling
 c - a +0 war axe
 l - a +1 dagger of holy wrath
Missiles
 z - 2 poisoned darts (quivered)
Armour
 h - a +2 robe of fire resistance
 o - a +0 pair of boots (worn)
 w - a +0 pair of gloves (worn)
 A - a +0 plate armour (worn)
Jewellery
 e - an amulet of guardian spirit
Talismans
 x - a beast talisman
Wands
 g - a wand of digging (8)
Scrolls
 d - a scroll of revelation
 i - 5 scrolls of identify {unknown}
 p - a scroll of immolation {unknown}
 r - a scroll of teleportation {unknown}
 v - 2 scrolls of fog
 y - a scroll of vulnerability {unknown}
 C - a scroll of blinking {unknown}
Potions
 f - 3 potions of haste
 j - 2 potions of heal wounds {unknown}
 k - a potion of enlightenment {unknown}
 m - a potion of ambrosia {unknown}
 n - a potion of magic {unknown}
 q - a potion of degeneration {unknown}
 s - 4 potions of curing {unknown}
 t - a potion of resistance {unknown}
 u - a potion of might {unknown}
 B - a potion of invisibility {unknown}


   Skills:
 - Level 2.6 Fighting
 + Level 8.5 Axes
 - Level 1.7 Dodging
 - Level 4.5 Stealth


You had 6 spell levels left.
You didn't know any spells.
Your spell library contained the following spells:

 Spells                   Type           Power      Damage    Failure   Level
 Portal Projectile        Hex/Tloc       0%         N/A       100%        3
 Tukima's Dance           Hex            0%         N/A       100%        3
 Animate Dead             Necr           0%         N/A       100%        4
 Iskenderun's Mystic Bla  Conj/Tloc      0%         2d3       100%        4
 Haunt                    Necr/Summ      0%         N/A       100%        7
 Infestation              Necr           0%         N/A       100%        8


Dungeon Overview and Level Annotations

Branches:
Dungeon (6/15)             Temple (0/1) D:6

Shops:
D:4 *

Annotations:
D:3 Ijyb, Jessica
D:5 exclusion: scorpion


Innate Abilities, Weirdness & Mutations

You have an increased reservoir of magic. (+10% MP)
You shall have no god before yourself.
Your divine heritage dramatically boosts your attributes as you level up.


Message History

Fire: b) +0 sling
Press: ? - help, Q - select action, (/) - cycle Shift-Dir - straight line, f/p - jelly
Aim: a jelly (89% to hit)
You shoot a sling bullet. The sling bullet hits the jelly!
The jelly is heavily wounded.
Unknown command.
a - a +0 hand axe (weapon)
You hit the jelly.
Your hands burn!
The jelly is heavily wounded.
The jelly hits you but does no damage.
You hit the jelly.
Your hands burn!
The jelly is severely wounded.
The jelly hits you.
You are splashed with acid!
You hit the jelly.
Your hands burn!
The jelly is severely wounded.
The jelly hits you but does no damage.
You hit the jelly. The acid corrodes you!
Your hands burn!
The jelly is almost dead.
The jelly hits you but does no damage.
You hit the jelly. The acid corrodes you!
Your hands burn!
The jelly is almost dead.
The jelly closely misses you.
You hit the jelly but do no damage. The acid corrodes you!
Your hands burn!
The jelly is almost dead.
The jelly hits you.
You are splashed with acid.
You hit the jelly but do no damage.
Your hands burn!
The jelly is almost dead.
The jelly hits you. The acid corrodes you!
You are splashed with acid!
* * * LOW HITPOINT WARNING * * *
Unknown command.
Unknown command.
Okay, then.
Unknown command.
You hit the jelly but do no damage.
Your hands burn!
* * * LOW HITPOINT WARNING * * *
The jelly is almost dead.
The jelly hits you.
* * * LOW HITPOINT WARNING * * *
You are splashed with acid!
You die...

#.....#....# #.....#....#....#
#.....'....##...
####.....#....##... . #
...#.....#....##.. .. ..
...'.....#######.. ... ....
...#.....#....##'###.... ###.8.
...###'###....#.J....... ......
....'.........#.@....... ..8.>.
....#.........#......... ......
'############'#......... #.8.
....................#### .#..
....................# #..
...)................# #..
....................'. ...[ #..
....................#..#......#..
.....[[)............#..#......+..


You could see a jelly.

Vanquished Creatures
  A sky beast (D:6)
  An ogre (D:6)
  2 centaurs
  A scorpion (D:5)
  A howler monkey (D:4)
  A jelly (D:5)
  2 sleepcaps (D:6)
  4 iguanas
  4 orc wizards
  4 gnolls
  8 adders
  2 ufetubi (D:6)
  3 worms
  2 dart slugs
  9 orcs
  4 ball pythons
  9 bats
  10 endoplasms
  3 giant cockroaches (D:2)
  8 goblins
  8 hobgoblins
  6 kobolds
  3 quokkas (D:1)
  4 frilled lizards
100 creatures vanquished.

Notes
Turn   | Place    | Note
-------+----------+-------------------------------------------
     0 | D:5      | drugrobin the Demigod Delver began the quest for the Orb.
     0 | D:5      | Reached XP level 1. HP: 18/18 MP: 3/3
    33 | D:5      | Noticed a scorpion
    98 | D:4      | Reached skill level 2 in Axes
    98 | D:4      | Reached XP level 2. HP: 25/25 MP: 4/4
   153 | D:3      | Noticed Ijyb
   316 | D:4      | Noticed a howler monkey
   409 | D:3      | Reached skill level 3 in Axes
   588 | D:3      | Reached XP level 3. HP: 11/30 MP: 5/5
   908 | D:1      | Reached skill level 4 in Axes
  1045 | D:1      | Reached XP level 4. HP: 9/37 MP: 6/6
  2212 | D:3      | Noticed Jessica
  2526 | D:4      | Reached skill level 5 in Axes
  2526 | D:4      | Reached XP level 5. HP: 42/42 MP: 7/7
  2599 | D:4      | Found Gozag's Platinum Reserve.
  3295 | D:5      | Reached skill level 6 in Axes
  3295 | D:5      | Reached XP level 6. HP: 10/50 MP: 8/8
  4166 | D:5      | Reached skill level 7 in Axes
  4515 | D:6      | Reached XP level 7. HP: 51/56 MP: 9/9
  4548 | D:6      | Identified the +0 leather armour "Asion" {rF+}
  4570 | D:6      | Found a staircase to the Ecumenical Temple.
  4741 | D:6      | Reached skill level 8 in Axes
  4996 | D:6      | HP: 2/56 [jelly (3)]
  4996 | D:6      | Splashed by a jelly's acid

Illustrated notes

Levels and vault maps discovered:
D:1:      erik_arrival_orb_chamber, layout_basic, shapermc_ecumenical_altar_gd
D:2:      layout_rooms
D:3:      layout_basic, general_overflow_altar, chei_slow_surprise, tgw_sif,
          chequers_serial_rivers_small_3, uniq_ijyb
D:4:      layout_basic, nicolae_gozag_zags_fifth_avenue
D:5:      layout_rooms
D:6:      layout_gridville, minmay_temple_entry_statues_pillars,
          chequers_serial_rivers_marsh

Skill      XL: |  1  2  3  4  5  6  7 |
---------------+----------------------+-----
Axes           | 2 3 4 5 6 7 8 |  8.5
Fighting       | |  2.6
Dodging        | |  1.7
Stealth        | |  4.5

Action                     |  1- 3 |  4- 6 |  7- 9 || total
---------------------------+-------+-------+-------++-------
  Melee: Hand axe          |    88 |   212 |    65 ||   365
         Punch             |     3 |     2 |     1 ||     6
         War axe           |       |    55 |    13 ||    68
   Fire: Sling             |       |    15 |     3 ||    18
  Throw: Dart              |     9 |    18 |     2 ||    29
    Use: Scroll            |       |     1 |       ||     1
   Stab: Sleeping          |     8 |    19 |       ||    27
 Armour: Robe              |    25 |    76 |       ||   101
         Leather armour    |     1 |       |       ||     1
         Plate armour      |       |    20 |    49 ||    69
  Dodge: Dodged            |    45 |   122 |    17 ||   184

Table legend: (Time is in decaauts)
 A = Elapsed time spent in this place.
 B = Non-inter-level travel time spent in this place.
 C = Inter-level travel time spent in this place.
 D = Time resting spent in this place.
 E = Time spent auto-exploring this place.
 F = Levels seen in this place.
 G = Mean time per level.
                   A        B        C        D        E       F      G
               +--------+--------+--------+--------+--------+-----+--------+
         Total |   5029 |   4822 |    207 |    954 |   2311 |   6 |  838.2 |
       Dungeon |   5029 |   4822 |    207 |    954 |   2311 |   6 |  838.2 |
               +--------+--------+--------+--------+--------+-----+--------+

Top non-repeatable levels by time:
     D:4: 1359 daAuts
     D:5: 1138 daAuts
     D:3: 871 daAuts
     D:1: 688 daAuts
     D:6: 535 daAuts
     D:2: 435 daAuts
